 Dungeon Crawl Stone Soup version 0.24-a0-170-gd8427f5 (console) character file.

Game seed: 17253359004482178864

4589 Duffy the Cleaver (level 10, -1/91 HPs)
             Began as a Naga Gladiator on Mar 8, 2019.
             Was a Believer of the Shining One.
             Killed from afar by an electric eel (4 damage)
             ... with a bolt of electricity
             ... on level 10 of the Dungeon.
             The game lasted 00:12:02 (13252 turns).

Duffy the Cleaver (Naga Gladiator)                 Turns: 13252, Time: 00:12:02

Health: -1/91      AC:  8    Str: 19    XL:     10   Next: 41%
Magic:  13/13      EV: 12    Int: 12    God:    the Shining One [**....]
Gold:   525        SH:  0    Dex: 13    Spells: 9/9 levels left

rFire    + . .     SeeInvis +   D - +0 battleaxe
rCold    . . .     Gourm    +   (shield currently unavailable)
rNeg     + . .     Faith    .   b - +0 leather armour
rPois    +         Spirit   .   c - +0 helmet
rElec    .         Reflect  .   d - +0 cloak
rCorr    .         Harm     .   i - +1 pair of gloves
MR       +....                  (no barding)
Stlth    +.........             B - amulet of the gourmand
HPRegen  0.25/turn              F - ring of protection from fire
MPRegen  0.13/turn              J - +3 ring of strength

@: glowing, very slow
A: large, see invisible, deformed body, poison resistance, slowness 2, slow
metabolism 1, spit poison 1, AC +3
a: Spit Poison, Divine Shield, Renounce Religion


You were on level 10 of the Dungeon.
You worshipped the Shining One.
The Shining One was pleased with you.
You were completely stuffed.

You visited 2 branches of the dungeon, and saw 11 of its levels.

You collected 650 gold pieces.
You spent 125 gold pieces at shops.

Inventory:

Hand Weapons
 a - a +0 war axe
 D - a +0 battleaxe (weapon)
Missiles
 I - a throwing net (quivered)
Armour
 b - a +0 leather armour (worn)
 c - a +0 helmet (worn)
 d - a +0 cloak (worn)
 i - a +1 pair of gloves (worn)
Jewellery
 B - an amulet of the gourmand (around neck)
 F - a ring of protection from fire (left hand)
 J - a +3 ring of strength (right hand)
Wands
 G - a wand of digging (8)
Scrolls
 k - a scroll of acquirement {unknown}
 l - a scroll of random uselessness {unknown}
 m - 6 scrolls of remove curse
 n - 3 scrolls of fog
 p - a scroll of torment {unknown}
 r - 3 scrolls of immolation
 t - a scroll of blinking {unknown}
 v - a scroll of amnesia {unknown}
 w - a scroll of teleportation
 y - 3 scrolls of magic mapping {unknown}
 C - 2 scrolls of enchant armour
 E - a scroll of enchant weapon {unknown}
Potions
 e - 2 potions of ambrosia
 g - a potion of curing {unknown}
 h - 2 potions of heal wounds {unknown}
 j - a potion of might {unknown}
 o - a potion of cancellation
 u - 2 potions of magic
 x - 3 potions of haste
 z - a potion of flight
 A - a potion of agility
 H - a potion of lignification {unknown}
 K - a potion of invisibility {unknown}
Comestibles
 f - 21 rations


   Skills:
 + Level 6.1 Fighting
 + Level 11.4 Axes
 - Level 1.7 Throwing
 + Level 5.5 Dodging
 - Level 5.1 Evocations


You had 9 spell levels left.
You didn't know any spells.
Your spell library contained the following spells:

 Spells                   Type           Power        Failure   Level  Hunger
 Sandblast                Erth           #.....       36%         1    ##.....
 Passwall                 Tmut/Erth      #.......     52%         2    ###....
 Poisonous Vapours        Pois/Air       #.....       52%         2    ###....
 Conjure Flame            Conj/Fire      #.......     75%         3    ####...
 Mephitic Cloud           Conj/Pois/Air  #.......     75%         3    ####...
 Stone Arrow              Conj/Erth      #.....       75%         3    ####...
 Petrify                  Tmut/Erth      #.......     98%         4    #####..
 Lee's Rapid Deconstruct  Erth           #.........   100%        5    ######.
 Freezing Cloud           Conj/Ice/Air   #.........   100%        6    #######
 Ring of Flames           Chrm/Fire      #.........   100%        7    #######


Dungeon Overview and Level Annotations

Branches:
Dungeon (10/15)            Temple (1/1) D:5            Lair (0/6) D:9
    Orc: D:9-12

Altars:
Ashenzari
Cheibriados
Dithmenos
Elyvilon
Fedhas
Gozag
Hepliaklqana
Kikubaaqudgha
Makhleb
Nemelex Xobeh
Okawaru
Qazlal
Ru
Sif Muna
Trog
Uskayaw
Vehumet
Wu Jian
Xom
Yredelemnul
Zin
The Shining One

Shops:
D:5 [   D:9 *

Annotations:
D:4 3 runed translucent doors, Grinder; Prince Ribbit; arkorax's ghost, amateur HOFE
D:5 1 runed translucent door, Crazy Yiuf


Innate Abilities, Weirdness & Mutations

You cannot wear boots.
Your serpentine skin is tough. (AC +3)
You have supernaturally acute eyesight. (SInv)
Armour fits poorly on your strangely shaped body.
Your system is resistant to poisons. (rPois)
You cover ground very slowly.
You have a slow metabolism.
You can spit poison.


Message History

The electric eel shoots out a bolt of lightning at you!
The bolt of electricity hits you! x2
Your surroundings seem slightly different.
Splash!
You fall into the shallow water.
Moving in this stuff is going to be slow.
The electric eel shoots out a bolt of lightning at you!
The bolt of electricity hits you! The Shining One protects you from harm!
Unknown command.
Okay, then.
You hit the electric eel but do no damage.
You slash the plant! You hit the plant but do no damage.
The electric eel shoots out a bolt of lightning at you!
The bolt of electricity hits the plant!
The bolt of electricity misses you.
You barely miss the electric eel. You hit the plant but do no damage.
You hit the plant.
The electric eel shoots out a bolt of lightning at you!
The bolt of electricity hits the plant.
The bolt of electricity hits you.
You die...

~~~ ~~~7........
~7~~~~~~~~~~~7~........
~P~~~~~~~~~7~7####'### ...##
~~~~~~~~~~P~7........ .....
77P~~~~~~~~~7~####+###
.....P7~~~~~~~~~P~~~.......<
......77~~~~~~~~~77P........
......7~~P~~~~~P~~~#........
......~PPP@~~~PPP~7##.######
......PP;~;~~~~~~~7.........
####~7P~~P~~~~~~.........
#...7~~~~~~7P77####.#####
#.)..7P~~P~~~P...........
#.....P~~7~~7P...........
#.....7~~~P~7............
#0.....7~~77.............
.######'#7P7..............


You could see 2 electric eels.

Vanquished Creatures
  A hippogriff (D:8)
  4 hogs (D:9)
  A hungry ghost (D:10)
  A human (D:9)
  4 ice beasts
  8 ogres
  A phantom (D:6)
  An eye of draining (D:9)
  3 centaurs
  4 bullfrogs
  4 scorpions
  5 killer bees (D:9)
  6 electric eels
  7 howler monkeys
  A centaur zombie (D:9)
  2 crimson imps
  2 hounds
  2 jellies
  A quasit (D:10)
  A bullfrog skeleton (D:10)
  2 orc priests
  4 orc wizards
  3 iguanas
  A centaur skeleton (D:3)
  2 worker ants
  A killer bee zombie (D:6)
  3 hound skeletons
  2 worker ant zombies
  9 adders
  4 gnolls (D:2)
  A shadow imp (D:5)
  2 oozes
  4 worms
  4 dart slugs
  6 leopard geckos
  22 orcs
  5 giant cockroaches
  10 goblins
  12 hobgoblins
  7 jackals (D:4)
  3 quokkas
  15 bats
  4 frilled lizards
  7 kobolds
  A leopard gecko skeleton (D:7)
  A leopard gecko zombie (D:8)
  A quokka zombie (D:8)
  11 rats
  A plant (D:10)
207 creatures vanquished.

Vanquished Creatures (others)
  2 plants (D:10)
2 creatures vanquished.

Grand Total: 209 creatures vanquished

Notes
Turn   | Place    | Note
-------+----------+-------------------------------------------
     0 | D:1      | Duffy the Naga Gladiator began the quest for the Orb.
     0 | D:1      | Reached XP level 1. HP: 19/19 MP: 1/1
   634 | D:1      | Reached XP level 2. HP: 25/26 MP: 2/2
  1388 | D:2      | Found a shadowy altar of Dithmenos.
  1401 | D:2      | Reached skill level 4 in Axes
  1401 | D:2      | Reached XP level 3. HP: 20/32 MP: 3/3
  1905 | D:2      | Reached XP level 4. HP: 33/39 MP: 4/4
  2094 | D:2      | Reached skill level 5 in Axes
  2749 | D:3      | Reached XP level 5. HP: 32/45 MP: 5/5
  3014 | D:3      | Found a transporter.
  3138 | D:3      | Found a transporter.
  3584 | D:3      | Reached skill level 6 in Axes
  3876 | D:3      | Reached XP level 6. HP: 35/52 MP: 6/6
  4131 | D:3      | Reached skill level 7 in Axes
  4461 | D:3      | Found a shattered altar of Ashenzari.
  4463 | D:3      | Found an opulent altar of Gozag.
  5112 | D:4      | Reached XP level 7. HP: 60/60 MP: 7/7
  5129 | D:4      | Noticed arkorax's ghost (amateur HOFE)
  5207 | D:4      | Noticed Grinder
  5224 | D:3      | Reached skill level 8 in Axes
  5470 | D:4      | Found a runed translucent gate.
  5470 | D:4      | Found a runed translucent gate.
  5470 | D:4      | Found a runed translucent gate.
  5555 | D:5      | Entered Level 5 of the Dungeon
  5555 | D:5      | Found Ygeraez's Armour Shop.
  5629 | D:5      | Found a staircase to the Ecumenical Temple.
  5629 | D:5      | Noticed Prince Ribbit
  5855 | D:4      | HP: 1/60 [Prince Ribbit (11)]
  6167 | Temple   | Entered the Ecumenical Temple
  6359 | Temple   | Became a worshipper of the Shining One
  6910 | D:5      | Reached skill level 1 in Evocations
  7126 | D:5      | Found a runed translucent door.
  7127 | D:5      | Noticed Crazy Yiuf
  7178 | D:5      | Reached skill level 9 in Axes
  7178 | D:5      | Reached XP level 8. HP: 67/67 MP: 9/9
  9023 | D:7      | Reached skill level 10 in Axes
  9023 | D:7      | Reached skill level 5 in Evocations
  9315 | D:7      | Reached * piety under the Shining One
  9370 | D:7      | Reached XP level 9. HP: 62/74 MP: 12/12
 11245 | D:9      | Reached skill level 5 in Fighting
 11245 | D:9      | Reached skill level 11 in Axes
 11245 | D:9      | Reached XP level 10. HP: 66/88 MP: 13/13
 11445 | D:9      | Reached skill level 5 in Dodging
 11647 | D:9      | Found a radiant altar of Vehumet.
 11691 | D:9      | Found an ornate altar of the Wu Jian Council.
 11755 | D:9      | Found Ickeit's Assorted Antiques.
 11766 | D:9      | Bought a scroll labeled XOSYUCLUSA for 25 gold pieces
 11766 | D:9      | Bought a sharpened gold wand for 100 gold pieces
 11898 | D:9      | Found a staircase to the Lair.
 12075 | D:10     | Entered Level 10 of the Dungeon
 12386 | D:10     | Reached ** piety under the Shining One
 13249 | D:10     | HP: 2/91 [electric eel/bolt of electricity (11)]
 13250 | D:10     | The Shining One protects you from harm!
 13252 | D:10     | Killed from afar by an electric eel

Levels and vault maps discovered:
D:1:      dpeg_arrival_arbitrary_c, layout_loops_corners,
          grunt_decor_resistance, minmay_pentomino_x4
D:2:      minmay_inner_zag, layout_rooms, grunt_dithmenos_smoke_and_mirrors
D:3:      gammafunk_steamed_eel, layout_basic, overflow_temple_1_default,
          minmay_misc_feat_four_crosses,
          nicolae_gozag_cash_rules_everything_around_me
D:4:      layout_rooms, serial_shops, shop, gammafunk_ghost_icy, uniq_grinder
D:5:      layout_basic, temple_pool_b, serial_shops, shop, first_ration,
          kennysheep_generic_room_13, uniq_prince_ribbit1,
          uniq_crazy_yiuf_cottage
D:6:      layout_layer_cave, minmay_misc_feat_plants
D:7:      layout_cave_pools
D:8:      layout_gridville
D:9:      layout_basic, overflow_temple_1_default, kennysheep_mini,
          lair_entry_dummy, serial_shops, nicolae_shop_crystal, grunt_livestock,
          st_stairs_14, roderic_batcave, chequers_serial_rivers_small_a
D:10:     layout_irregular_city, david_orc_5, serial_shops,
          nicolae_shop_overgrown_old_shop, serial_bayou, serial_bayou_lagoon_a,
          serial_bayou_pond_b, serial_bayou_pond_d, serial_bayou_lake_a
Temple:   dpeg_five_rooms_temple

Skill      XL: |  1  2  3  4  5  6  7  8  9 10 |
---------------+-------------------------------+-----
Axes           | 4 5 6 7 9 10 11 | 11.4
Evocations     | 2 5 |  5.1
Dodging        | 4 5 |  5.5
Fighting       | 5 6 |  6.1
Throwing       | |  1.7

Action                   |  1- 3 |  4- 6 |  7- 9 | 10-12 || total
-------------------------+-------+-------+-------+-------++-------
Melee: War axe           |    90 |   163 |   174 |       ||   427
       Battleaxe         |       |       |   116 |    82 ||   198
Throw: Throwing net      |       |       |     4 |       ||     4
 Abil: Spit Poison       |       |     6 |    19 |     2 ||    27
Evoke: Wand              |       |     4 |     8 |     4 ||    16
  Use: Scroll            |       |       |    13 |     2 ||    15
       Potion            |       |       |     1 |       ||     1
 Stab: Sleeping          |       |     1 |       |       ||     1
  Eat: Chunk             |     2 |     8 |    26 |    15 ||    51
Armor: Leather armour    |    32 |    52 |   111 |    42 ||   237
       Robe              |       |       |     2 |       ||     2
Dodge: Dodged            |    56 |   103 |   184 |    76 ||   419

Table legend:
 A = Non-vault XP
 B = Vault XP
 C = Vault XP percentage of total XP
 D = Non-vault monster count
 E = Vault monster count
 F = Vault count percentage of total count
                 A         B        C        D         E       F
            +---------+---------+-------+---------+---------+-------
      Total |    5060 |    1497 |  22.8 |     176 |      30 |  14.6
            +---------+---------+-------+---------+---------+-------
        D:1 |      24 |       3 |  11.1 |      13 |       2 |  13.3
        D:2 |     124 |      11 |   8.1 |      27 |       5 |  15.6
        D:3 |     394 |     110 |  21.8 |      33 |       2 |   5.7
        D:4 |     121 |       0 |   0.0 |      13 |       0 |   0.0
        D:5 |     678 |     173 |  20.3 |      22 |       2 |   8.3
        D:6 |     487 |       0 |   0.0 |       7 |       0 |   0.0
        D:7 |     522 |       0 |   0.0 |      11 |       0 |   0.0
        D:8 |     734 |     127 |  14.8 |      12 |       1 |   7.7
        D:9 |     833 |     985 |  54.2 |      19 |      14 |  42.4
       D:10 |    1143 |      88 |   7.1 |      19 |       4 |  17.4
            +---------+---------+-------+---------+---------+-------
